 Dungeon Crawl Stone Soup version 0.23.2 (webtiles) character file.

Game seed: 4817063767572040101

172 Kairos the Skirmisher (level 5, -2/42 HPs)
             Began as a Formicid Abyssal Knight on Apr 9, 2019.
             Was a Believer of Lugonu.
             Slain by an orc wizard
             ... wielding a +0 dagger
              (3 damage)
             ... on level 3 of the Dungeon.
             The game lasted 00:04:05 (2658 turns).

Kairos the Skirmisher (Formicid Abyssal Knight)     Turns: 2658, Time: 00:04:05

Health: -2/42      AC:  5    Str: 18    XL:     5   Next: 83%
Magic:  6/6        EV: 11    Int: 11    God:    Lugonu [**....]
Gold:   192        SH:  0    Dex: 14    Spells: 4/4 levels left

rFire    . . .     SeeInvis +   f - +4 quarterstaff
rCold    . . .     Gourm    .   (no shield)
rNeg     . . .     Faith    .   g - +0 ring mail
rPois    .         Spirit   .   (helmet unavailable)
rElec    .         Reflect  .   (no cloak)
rCorr    .         Harm     .   (no gloves)
MR       .....                  (no boots)
Stlth    +.........             d - amulet of inaccuracy (curse)
HPRegen  0.14/turn              j - +4 ring of dexterity
MPRegen  0.10/turn              (no ring)

@: no status effects
A: permanent stasis, dig shafts and tunnels, four strong arms, antennae 3
a: Dig, Shaft Self, Depart the Abyss, Bend Space, Renounce Religion


You were on level 3 of the Dungeon.
You worshipped Lugonu.
Lugonu was pleased with you.
You were hungry.

You visited 1 branch of the dungeon, and saw 3 of its levels.
You visited the Abyss 1 time.

You collected 192 gold pieces.

Inventory:

Hand Weapons
 a - a +1 spear
 f - a +4 quarterstaff (weapon)
Armour
 b - a +0 leather armour
 g - a +0 ring mail (worn)
Jewellery
 d - a cursed amulet of inaccuracy (around neck)
 j - a +4 ring of dexterity (left hand)
Wands
 e - a wand of acid (9)
Potions
 h - a potion of berserk rage
 i - 2 potions of curing
 l - a potion of cancellation
 m - a potion of flight
Comestibles
 c - 5 rations


   Skills:
 + Level 3.9 Fighting
 + Level 2.0(2.9) Polearms
 + Level 3.2(3.5) Staves
 + Level 3.7 Armour
 + Level 1.4 Dodging
 + Level 2.4 Invocations


You had 4 spell levels left.
You didn't know any spells.
Your spell library was empty.

Dungeon Overview and Level Annotations

Branches:
Dungeon (3/15)

Altars:
Cheibriados
Ru


Innate Abilities, Weirdness & Mutations

You cannot be hasted, slowed, berserked, paralysed or teleported.
You can dig through walls and to a lower floor.
Your four strong arms can wield two-handed weapons with a shield.
You have a pair of large antennae on your head. (SInv)


Message History

* * * LOW HITPOINT WARNING * * *
The orc hits you with a cursed -1 mace.
* * * LOW HITPOINT WARNING * * *
The orc wizard begins to cast a cantrip, but forgets the words!
The orc wizard points at you and mumbles some strange words.
The puff of frost hits you!
* * * LOW HITPOINT WARNING * * *
You thump the orc wizard!
The orc wizard is heavily wounded.
An orc comes into view. It is wielding a +0 dagger.
The orc hits you with a cursed -1 mace.
* * * LOW HITPOINT WARNING * * *
The orc wizard hits you with a +0 dagger.
* * * LOW HITPOINT WARNING * * *
The orc wizard hits you but does no damage.
You closely miss the orc wizard.
The orc wizard is heavily wounded.
The orc wizard barely misses you. The orc hits you but does no damage.
The orc wizard hits you with a +0 dagger.
You die...

#.........#
.....!.
#.####....#
.......
#.........+
....>..
###....o..#
####...
#.......# ...
{ #.......#
#...#####
#..o## #..o@#
..... #..o.#
......
##...###
.....# #.....#
.....#
#.....##.....#
###..........#
#.)........#
####.......#
#.......#


You could see 2 orc wizards and an orc.

Vanquished Creatures
  Jessica (D:2)
  4 gnolls (D:2)
  3 adders (D:2)
  3 worms (D:2)
  2 dart slugs (D:1)
  A leopard gecko (D:3)
  6 orcs
  3 bats
  2 giant cockroaches
  9 hobgoblins
  6 jackals
  A quokka (D:2)
  A ball python (D:1)
  3 frilled lizards
  6 goblins
  3 kobolds (D:1)
  10 rats
64 creatures vanquished.

Notes
Turn   | Place    | Note
-------+----------+-------------------------------------------
     0 | Abyss:1  | Kairos the Formicid Abyssal Knight began the quest for the
                  | Orb.
     0 | Abyss:1  | Reached XP level 1. HP: 18/18 MP: 2/2
   102 | Abyss:2  | Noticed an emperor scorpion zombie
   111 | Abyss:2  | Noticed a large abomination
   112 | Abyss:2  | Noticed a rakshasa
   121 | Abyss:2  | Noticed a kobold demonologist
   122 | D:1      | Escaped the Abyss
   175 | D:1      | Reached * piety under Lugonu
   527 | D:1      | Reached XP level 2. HP: 24/24 MP: 3/3
   853 | D:1      | Reached skill level 1 in Staves
   860 | D:1      | Reached skill level 1 in Dodging
   860 | D:1      | Reached XP level 3. HP: 16/29 MP: 4/4
  1582 | D:2      | Reached XP level 4. HP: 33/35 MP: 5/5
  1881 | D:2      | Noticed Jessica
  1884 | D:2      | Killed Jessica
  1884 | D:2      | Reached ** piety under Lugonu
  1884 | D:2      | Reached XP level 5. HP: 42/42 MP: 6/6
  2252 | D:2      | Found a sacrificial altar of Ru.
  2264 | D:2      | Found a snail-covered altar of Cheibriados.
  2656 | D:3      | HP: 2/42 [orc wizard/puff of frost (7)]
  2658 | D:3      | Slain by an orc wizard

Skill      XL: |  1  2  3  4  5 |
---------------+----------------+-----
Staves         | 1 2 3 |  3.2
Dodging        | 1 |  1.4
Armour         | 3 |  3.7
Fighting       | |  3.9
Polearms       | |  2.0
Invocations    | |  2.4

Action                   |  1- 3 |  4- 6 || total
-------------------------+-------+-------++-------
Melee: Quarterstaff      |    98 |   109 ||   207
Invok: Depart the Abyss  |     1 |       ||     1
  Use: Scroll            |     5 |     3 ||     8
  Eat: Chunk             |     2 |     3 ||     5
Armor: Ring mail         |    41 |    25 ||    66
Dodge: Dodged            |    56 |    65 ||   121
